 Dungeon Crawl Stone Soup version 0.32-a0-886-g41c5271027 (webtiles) character file.

Game seed: 9181091488527968124

1475 wilfster70 the Grave Robber (level 8, 0/41 HPs)
             Began as a Gargoyle Earth Elementalist on Apr 2, 2024.
             Slain by an orc warrior
             ... wielding a +0 dire flail
              (18 damage)
             ... on level 6 of the Dungeon.
             The game lasted 00:16:50 (4927 turns).

wilfster70 the Grave Robber (GrEE)                  Turns: 4927, Time: 00:16:51

Health: 0/41       AC:  9    Str: 13    XL:     8   Next: 78%
Magic:  16/26      EV: 11    Int: 17    God:
Gold:   163        SH:  0    Dex: 14    Spells: 6/19 levels left

rFire   . . .        a - +0 flail
rCold   + . .        (no shield)
rNeg    + . .        c - +0 robe
rPois   ∞            s - +0 helmet
rElec   +            (no cloak)
rCorr   .            p - +0 pair of gloves
SInv    .            (no boots)
Will    +....        i - amulet of the acrobat
Stlth   ++           z - ring of magical power
HPRegen 0.26/turn    y - ring of the Bursting Gods {rElec rC+ Will+ Dex+4}
MPRegen 0.20/turn

%: acrobat
@: no status effects
A: sickness immunity, AC +5, negative energy resistance 1, electricity
resistance, torment resistance 1, petrification resistance
a: no special abilities


You were on level 6 of the Dungeon.
You visited 2 branches of the dungeon, and saw 7 of its levels.

You collected 267 gold pieces.
You spent 104 gold pieces at shops.

Inventory:

Hand Weapons
 a - a +0 flail (weapon)
Missiles
 h - 6 javelins
 l - 8 poisoned darts
Armour
 c - a +0 robe (worn)
 k - a +0 buckler
 p - a +0 pair of gloves (worn)
 s - a +0 helmet (worn)
Jewellery
 i - an amulet of the acrobat (around neck)
 y - the ring of the Bursting Gods (right hand) {rElec rC+ Will+ Dex+4}
   (You found it on level 5 of the Dungeon)

   [ring of willpower]

   Dex+4:     It affects your dexterity (+4).
   rC+:       It protects you from cold.
   rElec:     It insulates you from electricity.
   Will+:     It increases your willpower.
 z - a ring of magical power (left hand)
 C - a +6 ring of intelligence
Wands
 f - a wand of charming (10)
Scrolls
 g - 3 scrolls of immolation
 o - 2 scrolls of vulnerability
 r - a scroll of revelation
 u - a scroll of teleportation
 A - a scroll of summoning {unknown}
Potions
 b - 4 potions of magic
 d - a potion of berserk rage
 e - a potion of mutation
 j - a potion of brilliance
 m - a potion of enlightenment
 n - a potion of cancellation {unknown}
 q - a potion of might
 t - a potion of heal wounds {unknown}
 v - 3 potions of attraction {unknown}
 w - 4 potions of curing
 x - a potion of invisibility
 B - a potion of degeneration {unknown}


   Skills:
 - Level 1.5 Dodging
 - Level 2.1 Stealth
 - Level 6.0 Spellcasting
 - Level 1.1 Conjurations
 * Level 6.1 Necromancy
 + Level 6.1 Earth Magic


You had 6 spell levels left.
You knew the following spells:

 Your Spells              Type           Power      Damage    Failure   Level
a - Sandblast             Erth           52%        2d12      1%          1
b - Stone Arrow           Conj/Erth      34%        3d9       9%          3
c - Sticky Flame          Fire/Alch      5%         2d4       77%         4
d - Borgnjor's Vile Clut  Necr/Erth      13%        N/A       28%         5

Your spell library contained the following spells:

 Spells                   Type           Power      Damage    Failure   Level
 Passwall                 Erth           26%        N/A       3%          3
 Lesser Beckoning         Tloc           10%        N/A       19%         2
 Brom's Barrelling Bould  Conj/Erth      17%        2d4       28%         4
 Petrify                  Alch/Erth      15%        N/A       34%         4
 Maxwell's Portable Pile  Tloc           5%         2d(5-15)  36%         3
 Teleport Other           Tloc           5%         N/A       36%         3
 Ignite Poison            Fire/Alch      5%         N/A       77%         4
 Ignition                 Fire           2%         3d3       100%        8
 Death's Door             Necr           13%        N/A       100%        9
 Sublimation of Blood     Necr           Unusable   N/A       N/A         2

Dungeon Overview and Level Annotations

Branches:
Dungeon (6/15)             Temple (1/1) D:4

Altars:
Ashenzari
Dithmenos
Elyvilon
Fedhas
Gozag
Makhleb
Okawaru
Qazlal
Ru
Trog
Uskayaw
Wu Jian
Zin
The Shining One

Shops:
D:5 ?

Annotations:
D:6 2 transporters, FlatIsJustice's ghost, novice FoFi; Jeremiah


Innate Abilities, Weirdness & Mutations

You are immune to sickness and miasma.
Your stone body is resilient. (AC +5)
You are immune to poison.
You resist negative energy. (rN+)
You are resistant to electric shocks. (rElec)
You are resistant to unholy torment.
You are immune to petrification.


Message History

Press: ? - help, Shift-Dir - straight line, f/p - orc warrior
Aim: an orc warrior, wielding a +0 dire flail and wearing a +0 chain mail (moderately wounded, 81% to hit)
The blast of sand misses the orc warrior.
The orc warrior completely misses you.
The orc warrior hits you with a +0 dire flail.
The orc warrior attacks as it pursues you!
The orc warrior completely misses you.
The orc warrior attacks as it pursues you!
The orc warrior hits you with a +0 dire flail.
Casting: Sandblast (safe; 1% risk of failure)
Confirm with . or Enter, or press ? or * to list all spells.
Aiming: Stone Arrow (dangerous; 9% risk of failure)
Press: ? - help, Shift-Dir - straight line, f/p - orc warrior
Aim: an orc warrior, wielding a +0 dire flail and wearing a +0 chain mail (moderately wounded, 64% to hit)
The stone arrow hits the orc warrior.
The orc warrior is moderately wounded.
The orc warrior hits you with a +0 dire flail.
Casting: Stone Arrow (dangerous; 9% risk of failure)
Confirm with . or Enter, or press ? or * to list all spells.
Aiming: Stone Arrow (dangerous; 9% risk of failure)
Press: ? - help, Shift-Dir - straight line, f/p - orc warrior
Aim: an orc warrior, wielding a +0 dire flail and wearing a +0 chain mail (moderately wounded, 64% to hit)
The stone arrow misses the orc warrior.
The orc warrior hits you with a +0 dire flail!
Casting: Stone Arrow (dangerous; 9% risk of failure)
Confirm with . or Enter, or press ? or * to list all spells.
Aiming: Stone Arrow (dangerous; 9% risk of failure)
Press: ? - help, Shift-Dir - straight line, f/p - orc warrior
Aim: an orc warrior, wielding a +0 dire flail and wearing a +0 chain mail (moderately wounded, 64% to hit)
The stone arrow hits the orc warrior!
The orc warrior is severely wounded.
The orc warrior hits you but does no damage.
Casting: Stone Arrow (dangerous; 9% risk of failure)
Confirm with . or Enter, or press ? or * to list all spells.
Aiming: Sandblast (safe; 1% risk of failure)
Press: ? - help, Shift-Dir - straight line, f/p - orc warrior
Aim: an orc warrior, wielding a +0 dire flail and wearing a +0 chain mail (severely wounded, 81% to hit)
The blast of sand misses the orc warrior.
The orc warrior hits you with a +0 dire flail!!
You die...

######################
#.ooo@................
#.####################
#.# #.# ... #### ....#
####... .....# #......
......# #......
...##.## ##......


You could see an orc warrior and 2 orcs.

Vanquished Creatures
  Eustachio (D:6)
  A black bear (D:4)
  A sky beast (D:6)
  An ogre (D:6)
  3 centaurs
  A phantom (D:4)
  Blork the orc (D:4)
  A bullfrog (D:6)
  2 scorpions
  An orc priest (D:5)
  4 hounds
  A jelly (D:5)
  A gnoll bouda (D:6)
  2 orc wizards (D:5)
  5 gnolls (D:6)
  10 adders
  A shadow imp (D:5)
  5 ufetubi
  4 ribbon worms (D:2)
  4 dart slugs
  7 orcs
  5 endoplasms
  2 giant cockroaches
  5 goblins
  8 hobgoblins
  5 jackals
  3 quokkas
  7 ball pythons
  5 bats
  2 frilled lizards (D:2)
  7 kobolds
  3 rats
109 creatures vanquished.

Notes
Turn   | Place    | Note
-------+----------+-------------------------------------------
     0 | D:1      | wilfster70 the Gargoyle Earth Elementalist began the quest
                  | for the Orb.
     0 | D:1      | Reached XP level 1. HP: 10/10 MP: 3/3
   321 | D:1      | Reached XP level 2. HP: 15/15 MP: 3/5
   728 | D:2      | Reached XP level 3. HP: 19/19 MP: 4/6
   732 | D:2      | Learned a level 3 spell: Stone Arrow
   971 | D:2      | Reached skill level 5 in Earth Magic
  1099 | D:2      | Reached XP level 4. HP: 24/24 MP: 3/8
  2363 | D:3      | Learned a level 4 spell: Sticky Flame
  2391 | D:4      | Found a sacrificial altar of Ru.
  2479 | D:4      | Found a staircase to the Ecumenical Temple.
  2486 | Temple   | Entered the Ecumenical Temple
  2561 | D:4      | Reached XP level 5. HP: 23/28 MP: 2/9
  2649 | D:4      | Got the Cyclopedia of Evil
  2654 | D:4      | Noticed a black bear
  2669 | D:4      | Killed a black bear
  2765 | D:4      | Noticed a centaur
  2773 | D:4      | Killed a centaur
  2774 | D:4      | Reached XP level 6. HP: 12/32 MP: 7/13
  2837 | D:4      | Reached skill level 5 in Spellcasting
  2985 | D:4      | Found an iron altar of Okawaru.
  3086 | D:4      | Learned a level 5 spell: Borgnjor's Vile Clutch
  3221 | D:4      | Noticed Blork the orc
  3230 | D:4      | Killed Blork the orc
  3231 | D:4      | Reached skill level 1 in Necromancy
  3231 | D:4      | Reached XP level 7. HP: 36/36 MP: 11/15
  3279 | D:5      | Entered Level 5 of the Dungeon
  3279 | D:5      | Found a white marble altar of Elyvilon.
  3304 | D:5      | Found an ornate altar of the Wu Jian Council.
  3384 | D:5      | Identified the ring of the Bursting Gods {rElec rC+ Will+
                  | Dex+4}
  3767 | D:5      | Found Vedomal's Magic Scroll Shoppe.
  3770 | D:5      | Bought a scroll of identify for 26 gold pieces
  3770 | D:5      | Bought a scroll of identify for 26 gold pieces
  3770 | D:5      | Bought a scroll of identify for 26 gold pieces
  3770 | D:5      | Bought a scroll of identify for 26 gold pieces
  3974 | D:6      | Noticed Eustachio
  3979 | D:6      | Killed Eustachio
  3980 | D:6      | Reached XP level 8. HP: 41/41 MP: 17/17
  4239 | D:6      | Reached skill level 5 in Necromancy
  4627 | D:6      | Found a transporter.
  4629 | D:6      | Noticed FlatIsJustice's ghost (novice FoFi)
  4654 | D:6      | Noticed Jeremiah
  4809 | D:6      | Found a transporter.
  4927 | D:6      | Slain by an orc warrior

Illustrated notes

Levels and vault maps discovered:
D:1:      dpeg_arrival_long_road, layout_loops_cross, minivault_27,
          minmay_crystal_room, minmay_stone_trees_small
D:2:      layout_basic
D:3:      layout_basic
D:4:      minmay_evil_eye, layout_basic, kennysheep_okawaru_gauntlet,
          nicolae_ru_awakened_eye, minmay_temple_entry_metal_lava,
          uniq_blork_the_orc
D:5:      nicolae_cairo_tiling_large_dashed, layout_rooms,
          nzn_wu_jian_council_hall, mainiacjoe_overflow_boulevard, serial_shops,
          nicolae_shop_rolled_up, serial_library_hellmonk_open_cross
D:6:      layout_basic, amethyst_overflow_temple_binary,
          gammafunk_ghost_stat_death, st_stairs_10, uniq_pikel, uniq_maggie,
          uniq_jeremiah, uniq_eustachio
Temple:   nicolae_temple_bog_church

Skill      XL: |  1  2  3  4  5  6  7  8 |
---------------+-------------------------+-----
Earth Magic    | 4 5 6 |  6.1
Spellcasting   | 3 4 5 6 |  6.0
Necromancy     | 1 4 6 |  6.1
Dodging        | |  1.5
Stealth        | |  2.1
Conjurations   | |  1.1

Action                     |  1- 3 |  4- 6 |  7- 9 || total
---------------------------+-------+-------+-------++-------
  Melee: Unarmed           |     1 |       |       ||     1
         Flail             |     7 |     1 |    28 ||    36
   Cast: Sandblast         |    45 |    63 |    91 ||   199
         Stone Arrow       |       |       |     3 ||     3
    Use: Scroll            |       |     4 |     9 ||    13
 Armour: Robe              |    29 |    44 |    63 ||   136
  Dodge: Dodged            |    22 |    22 |    67 ||   111

Table legend: (Time is in decaauts)
 A = Elapsed time spent in this place.
 B = Non-inter-level travel time spent in this place.
 C = Inter-level travel time spent in this place.
 D = Time resting spent in this place.
 E = Time spent auto-exploring this place.
 F = Levels seen in this place.
 G = Mean time per level.
                   A        B        C        D        E       F      G
               +--------+--------+--------+--------+--------+-----+--------+
         Total |   5038 |   4963 |     75 |    716 |   1978 |   7 |  719.7 |
       Dungeon |   4998 |   4923 |     75 |    716 |   1978 |   6 |  833.0 |
        Temple |     39 |     39 |      0 |      0 |      0 |   1 |   39.0 |
               +--------+--------+--------+--------+--------+-----+--------+

Top non-repeatable levels by time:
     D:2: 1074 daAuts
     D:6: 1005 daAuts
     D:4: 869 daAuts
     D:5: 697 daAuts
     D:1: 685 daAuts
     D:3: 665 daAuts
  Temple: 39 daAuts
